 Dungeon Crawl Stone Soup version 0.26-a0-1053-gaff5f71418 (webtiles) character file.

Game seed: 3136479718933489998

409126 sanka the Ninja (level 22, -5/120 HPs)
             Began as a Spriggan Enchanter on Dec 9, 2020.
             Was the Champion of Lugonu.
             Killed by the air
             ... invoked by a spriggan air mage
              (13 damage)
             ... on level 3 of the Depths on Dec 12, 2020.
             The game lasted 03:44:51 (73618 turns).

sanka the Ninja (Spriggan Enchanter)               Turns: 73618, Time: 03:44:51

Health: -5/120     AC: 13    Str:  8    XL:     22   Next: 43%
Magic:  35/35      EV: 48    Int: 18    God:    Lugonu [******]
Gold:   1694       SH: 15    Dex: 25    Spells: 8/33 levels left

rFire    + . .     SeeInvis +   a - +12 Vampire's Tooth {vamp}
rCold    . . .     Faith    .   Q - +1 buckler {rF+}
rNeg     + . .     Spirit   .   I - +5 steam dragon scales
rPois    .         Reflect  +   X - +2 hat of Agorgh {*Contam rN+ Regen+ Slay+2}
rElec    +         Harm     .   h - scarf {repulsion}
rCorr    .         Rampage  .   (gloves unavailable)
Will     +++..                  (boots unavailable)
Stlth    ++++++++++             y - amulet of reflection
HPRegen  0.70/turn              G - +4 ring of evasion
MPRegen  0.24/turn              o - +4 ring of protection

@: repel missiles, very quick
A: very small, unfitting armour, fangs 1, see invisible, deformed body, speed 3,
high mp 1, electricity resistance, strong 2, evolution 1
}: 2/15 runes: decaying, serpentine
a: Depart the Abyss, Bend Space, Banish, Corrupt, Enter the Abyss, Renounce
Religion


You were on level 3 of the Depths.
You worshipped Lugonu.
Lugonu was exalted by your worship.
You visited 8 branches of the dungeon, and saw 39 of its levels.
You visited 1 bazaar.
You also visited: Gauntlet, Volcano and Wizlab.

You collected 4295 gold pieces.
You spent 2601 gold pieces at shops.


Innate Abilities, Weirdness & Mutations

You are very small and have problems with some larger weapons.
You are too small for most types of armour.
You have supernaturally acute eyesight. (SInv)
You cover ground extremely quickly.
You have very sharp teeth.
Armour fits poorly on your strangely shaped body.
You have an increased reservoir of magic. (+10% MP)
You are resistant to electric shocks. (rElec)
Your muscles are very strong. (Str +4)
You evolve.


   Skills:
 - Level 14.0 Fighting
 - Level 12.0 Short Blades
 + Level 26.9 Dodging
 O Level 27 Stealth
 - Level 7.2 Shields
 - Level 6.0 Spellcasting
 - Level 20.1 Hexes
 - Level 13.0 Invocations


You had 8 spell levels left.
You knew the following spells:

 Your Spells              Type           Power        Failure   Level
j - Invisibility          Hex            ######..     1%          6
x - Tukima's Dance        Hex            ######..     0%          3
y - Dazzling Flash        Conj/Hex       #####.       1%          3
z - Ensorcelled Hibernat  Hex/Ice        #####.       1%          2
G - Silence               Hex/Air        #####.....   5%          5
N - Passwall              Tmut/Erth      #.......     19%         2
X - Confusing Touch       Hex            ######..     0%          3
Z - Corona                Hex            ######.      0%          1

Your spell library contained the following spells:

 Spells                   Type           Power        Failure   Level
 Slow                     Hex            ######..     0%          2
 Inner Flame              Hex/Fire       #####...     1%          3
 Leda's Liquefaction      Hex/Erth       #####.....   1%          4
 Metabolic Englaciation   Hex/Ice        #####.....   5%          5
 Animate Skeleton         Necr           #.....       12%         1
 Apportation              Tloc           #.....       12%         1
 Beastly Appendage        Tmut           #.....       12%         1
 Foxfire                  Conj/Fire      #...         12%         1
 Freeze                   Ice            #...         12%         1
 Magic Dart               Conj           #...         12%         1
 Sandblast                Erth           #.....       12%         1
 Shock                    Conj/Air       #...         12%         1
 Summon Small Mammal      Summ           #...         12%         1
 Blink                    Tloc           N/A          19%         2
 Call Imp                 Summ           #.......     19%         2
 Poisonous Vapours        Pois/Air       #.....       19%         2
 Swiftness                Air            #.......     19%         2
 Wereblood                Tmut           #.......     19%         2
 Conjure Flame            Conj/Fire      #.......     34%         3
 Frozen Ramparts          Ice            #.....       34%         3
 Gell's Gravitas          Tloc           #.........   34%         3
 Ignite Poison            Fire/Tmut/Pois #.......     34%         3
 Lesser Beckoning         Tloc           #.........   34%         3
 Mephitic Cloud           Conj/Pois/Air  #.......     34%         3
 Ozocubu's Armour         Ice            #.......     34%         3
 Spider Form              Tmut/Pois      #.........   34%         3
 Static Discharge         Conj/Air       #.......     34%         3
 Teleport Other           Tloc           #.......     34%         3
 Airstrike                Air            #.........   75%         4
 Hailstorm                Conj/Ice       #.......     75%         4
 Ice Form                 Ice/Tmut       #.......     75%         4
 Passage of Golubria      Tloc           N/A          75%         4
 Sticky Flame             Conj/Fire      #.......     75%         4
 Summon Ice Beast         Ice/Summ       #.......     75%         4
 Summon Lightning Spire   Summ/Air       #.......     75%         4
 Alistair's Intoxication  Tmut/Pois      #........    97%         5
 Blade Hands              Tmut           #.........   97%         5
 Bolt of Magma            Conj/Fire/Erth #.........   97%         5
 Borgnjor's Vile Clutch   Necr/Erth      #.........   97%         5
 Fireball                 Conj/Fire      #.........   97%         5
 Lee's Rapid Deconstruct  Erth           #.........   97%         5
 Lightning Bolt           Conj/Air       #.........   97%         5
 Freezing Cloud           Conj/Ice/Air   #.........   100%        6
 Iron Shot                Conj/Erth      #.........   100%        6
 Shadow Creatures         Summ           N/A          100%        6
 Starburst                Conj/Fire      #.........   100%        6
 Statue Form              Tmut/Erth      #........    100%        6
 Ignition                 Fire           #.........   100%        8
 Shatter                  Erth           #.........   100%        9
 Tornado                  Air            #.........   100%        9

Inventory:

Hand Weapons
 a - the +12 Vampire's Tooth (weapon) {vamp}

   It inflicts no extra harm, but heals its wielder when it wounds a living foe.
 b - a +9 quick blade of distortion
 w - a +1 dagger of speed
Missiles
 E - 12 curare-tipped darts (quivered) {=f}
Armour
 h - a scarf of repulsion (worn)
 I - +5 steam dragon scales (worn)
 Q - a +1 buckler of fire resistance (worn)
 X - the +2 hat of Agorgh (worn) {*Contam rN+ Regen+ Slay+2}

   It affects your accuracy and damage with ranged weapons and melee attacks
   (+2).
   It protects you from negative energy.
   It causes magical contamination when unequipped.
   It increases your rate of regeneration.
Jewellery
 o - a +4 ring of protection (right hand)
 s - an uncursed ring of resist corrosion
 u - the ring "Haena" {rPois rF++ rC+ Str+6 Dex-5}

   [ring of strength]

   It affects your strength (+6).
   It affects your dexterity (-5).
   It greatly protects you from fire.
   It protects you from cold.
   It protects you from poison.
 y - an amulet of reflection (around neck)
 G - a +4 ring of evasion (left hand)
 S - an uncursed ring of protection from cold
 W - the ring of Satisfaction {Fire +Blink rN+}

   [ring of fire]

   It enhances your fire magic.
   It protects you from fire.
   It makes you vulnerable to cold.
   It protects you from negative energy.
   It lets you blink.
Wands
 F - a wand of iceblast (15)
 J - a wand of digging (20)
 P - a wand of acid (12)
Scrolls
 c - 3 scrolls of enchant armour
 d - 2 scrolls of amnesia
 e - 7 scrolls of enchant weapon
 j - 18 scrolls of teleportation {@r4}
 l - 5 scrolls of fog
 n - 12 scrolls of remove curse
 p - 3 scrolls of magic mapping
 r - 13 scrolls of identify {@r1}
 v - 8 scrolls of fear
 D - a scroll of acquirement
 H - 6 scrolls of blinking
 M - 5 scrolls of vulnerability {!r}
 N - a scroll of summoning
Potions
 f - 3 potions of mutation {!q}
 g - 8 potions of curing {@q1}
 i - 6 potions of might
 k - 3 potions of heal wounds {@q2}
 m - 10 potions of haste {@q3}
 q - 8 potions of brilliance
 t - a potion of magic
 x - 8 potions of ambrosia
 z - 3 potions of berserk rage {!q}
 A - 4 potions of cancellation
 C - 5 potions of flight
 K - a potion of resistance
 O - 4 potions of invisibility
Miscellaneous
 T - a lightning rod (4/4)

Dungeon Overview and Level Annotations

Branches:
Dungeon (15/15)            Temple (1/1) D:4            Lair (6/6) D:10
  Swamp (4/4) Lair:3        Snake (4/4) Lair:4        Slime (0/5) Lair:6
    Orc (2/2) D:10            Elf (2/3) Orc:2        Vaults (0/5) D:13
 Depths (5/5) D:15            Zot (0/5) Depths:5    Volcano (visited)
 WizLab (visited)         Gauntlet (visited)

Altars:
Ashenzari
Cheibriados
Dithmenos
Elyvilon
Fedhas
Gozag
Hepliaklqana
Kikubaaqudgha
Makhleb
Nemelex Xobeh
Okawaru
Qazlal
Ru
Sif Muna
Trog
Uskayaw
Vehumet
Wu Jian
Xom
Yredelemnul
Zin
The Shining One
Beogh
Jiyva
Lugonu

Shops:
D:11 :   Orc:2 ::((   Snake:1 ?   Snake:2 ***[   Depths:4 ==}   Depths:5 :

Portals:
Hell: Depths:1 Depths:2 Depths:3 Depths:4 Depths:5
Abyss: Depths:1 Depths:4
Pandemonium: Depths:1 Depths:3 Depths:5
Ziggurat: Depths:3

Annotations:
Depths:3 3 runed translucent doors, bmj180's ghost, veteran DrCj

....▒..▒▒[}.▒.....▒▒....#........
....▒...▒▒8▒▒....▒▒▒...≈........▒
8.[8▒....▒▒▒.....▒▒....)≈........
....▒.....8.....▒▒▒..............
....▒▒.........▒▒▒.............).
....▒▒▒.......▒▒▒▒...............
8..8▒ ▒▒▒.8.▒▒▒▒▒.>..............
....▒▒▒▒▒▒▒▒▒▒▒.........#........
....▒▒..▒▒▒▒▒▒..i.......###......
..).▒▒.........C........###≈.....
8..8▒▒▒▒...........###..###≈...[.
...(▒▒▒▒▒▒▒▒......#..##.###≈.....
▒''▒▒▒.▒▒▒▒▒▒.....##.≈#####......
▒''▒▒......▒▒▒▒.....######.#..>..
▒..▒.[.......▒▒▒.i...###.........
▒...).[.......▒▒▒....#.......▒...
▒.▒....[..▒...▒.............▒▒▒..


You could see a titan and a spriggan air mage (repels missiles).


Message History

The titan is heavily wounded.
You hit the titan but do no damage.
The titan is heavily wounded.
The titan hits you!!!
* * * LOW HITPOINT WARNING * * *
You hit the titan but do no damage.
The titan is heavily wounded.
You hit the titan but do no damage.
The titan is heavily wounded.
You hit the titan but do no damage.
The titan is heavily wounded.
You hit the titan but do no damage.
The titan is heavily wounded.
You block the titan's attack.
You hit the titan.
The titan is heavily wounded.
You hit the titan but do no damage.
The titan is heavily wounded.
You hit the titan but do no damage.
The titan is heavily wounded.
The titan hits you!!!
* * * LOW HITPOINT WARNING * * *
You puncture the titan!
The titan is heavily wounded.
You barely miss the titan. You bite the titan, but do no damage.
The titan is heavily wounded.
The spriggan air mage waves its arms in wide circles.
The air twists around and strikes you!
You die...

Action                   |  1- 3 |  4- 6 |  7- 9 | 10-12 | 13-15 | 16-18 | 19-21 | 22-24 || total
-------------------------+-------+-------+-------+-------+-------+-------+-------+-------++-------
Melee: Dagger            |   102 |   157 |   253 |   421 |  1269 |  1530 |  1041 |       ||  4773
       Whip              |       |       |       |    28 |       |       |       |       ||    28
       Long sword        |       |       |       |       |       |   313 |    43 |       ||   356
       Kick              |       |       |       |       |       |       |   395 |       ||   395
       Short sword       |       |       |       |       |       |       |   381 |       ||   381
       Quick blade       |       |       |       |       |       |       |   607 |   515 ||  1122
       Bite              |       |       |       |       |       |       |       |    29 ||    29
 Cast: Corona            |     7 |       |       |       |       |       |       |       ||     7
       Ensorcelled Hiber |    20 |    46 |   137 |   263 |   439 |   220 |   334 |    23 ||  1482
       Tukima's Dance    |       |     2 |       |     3 |       |       |       |       ||     5
       Confusing Touch   |       |     4 |    20 |    14 |    38 |   119 |   124 |    10 ||   329
       Dazzling Flash    |       |       |       |     6 |    68 |       |       |       ||    74
       Invisibility      |       |       |       |       |     4 |    10 |    11 |     1 ||    26
       Passwall          |       |       |       |       |       |       |    17 |       ||    17
Invok: Corrupt           |       |       |       |       |     1 |       |     1 |       ||     2
       Brand Weapon With |       |       |       |       |       |       |       |     1 ||     1
Evoke: Wand              |       |       |       |       |     4 |    29 |     6 |     1 ||    40
  Use: Scroll            |       |       |    10 |    10 |    12 |     8 |     8 |     1 ||    49
       Potion            |       |       |       |       |     2 |     5 |     7 |     1 ||    15
 Stab: Sleeping          |    30 |    42 |   102 |   157 |   240 |   141 |   162 |    15 ||   889
       Distracted        |       |     1 |     4 |     1 |    11 |    11 |    18 |     4 ||    50
       Confused          |       |     4 |    21 |    19 |    48 |   153 |   148 |    10 ||   403
       Invisible         |       |       |       |     2 |   115 |    53 |    78 |     6 ||   254
Armor: Robe              |     8 |    12 |    24 |       |       |       |       |       ||    44
       Steam dragon scal |       |       |     2 |    31 |    43 |   133 |   141 |    15 ||   365
Dodge: Dodged            |    79 |   112 |   212 |   411 |   970 |  1065 |  1555 |   226 ||  4630
       Repelled          |       |       |       |     5 |     2 |    36 |     7 |     1 ||    51
Block: Other             |       |       |    45 |    66 |       |       |       |       ||   111
       Reflection        |       |       |     1 |     3 |    24 |   139 |    40 |       ||   207
       Buckler           |       |       |       |    62 |   727 |   852 |   971 |   184 ||  2796
       Rpst.: Long sword |       |       |       |       |       |    71 |     8 |       ||    79

Levels and vault maps discovered:
D:1:      kilobyte_arrival_exit_the_forest, layout_basic
D:2:      layout_basic, kennysheep_ying_yang, overflow_temple_1_default,
          serial_park_tiny_pond, minmay_snake_closets, uniq_terence
D:3:      layout_loops_cross, kennysheep_okawaru_gauntlet
D:4:      layout_loops_ring, minmay_temple_entry_grid, serial_shops, shop,
          grunt_ministairs_2, uniq_grinder
D:5:      layout_basic, slow_altar_1, old_standard_altar,
          nicolae_overflow_crystal_walls, lemuel_round_altar,
          kennysheep_little_box, nicolae_dithmenos_through_a_glass_darkly,
          uniq_pikel
D:6:      layout_layer_cave, regret_index_temple_of_mockery
D:7:      layout_layer_cave, nicolae_overflow_hidden_temple
D:8:      layout_basic, basic_altar, serial_corexii_hall,
          corexii_hall_statues_i, corexii_hall_statues_l,
          chequers_hall_statues_y, nemelex_xobeh_ov_fountains_minmay
D:9:      layout_roguey, trog_ov_bears_minmay,
          hangedman_abyss_or_decor_lesser_grid, led_sif_book,
          uniq_prince_ribbit1
D:10:     layout_small_grid, lair_entry_dummy, minmay_orc_entry_temple_small,
          roderic_lattice_a, uniq_fannar
D:11:     layout_basic, serial_shops, nicolae_shop_behind_doors
D:12:     layout_grid_maze
D:13:     layout_roguey, david_vaults_4
D:14:     layout_basic, serial_bayou_pond_c
D:15:     grunt_enter_depths_magical_seal, layout_rooms,
          chequers_serial_rivers_small_3, nicolae_ru_sacrificial_ziggurat,
          uniq_nessos
Temple:   corrupted_temple
Lair:1:   layout_loops_ring, guppyfry_lair_drakes, uniq_erica, uniq_maggie
Lair:2:   beast_lair_carwin_large_2, layout_gridlike, gauntlet_entry_generic,
          grunt_megastairs_5, serial_bayou_shore_b
Lair:3:   layout_chaotic_city, minmay_swamp_entry_worms,
          minmay_lair_oklob_chamber
Lair:4:   layout_cave_pods, minmay_snake_entry_guardpost_medium,
          infiniplex_staircase_pool_2
Lair:5:   layout_hall_layers, special_room [special_room_bee],
          gammafunk_ghost_ooze, lemuel_fruit_tree, grunt_megastairs_2,
          infiniplex_staircase_pool
Lair:6:   hangedman_lair_tendril_chambers, layout_regular_city, slime_dummy,
          gammafunk_ghost_ooze
Swamp:1:  layout_falls_marsh, serial_swamp_ruin, evilmike_swamp_ruin_rubble_1,
          evilmike_swamp_ruin_house_1, swamp_pool4, hangedman_swamp_lotus,
          nicolae_swamp_hydra_murder_den
Swamp:2:  layout_falls_marsh, evilmike_swamp_ruin_rubble_2, swamp_pool2,
          st_swamp_mini
Swamp:3:  layout_falls_marsh, evilmike_swamp_ruin_house_4
Swamp:4:  swamp_vile, layout_basic_swamp
Snake:1:  nrook_guardian_serpent_snake_passage, layout_layer_cave, serial_shops,
          nicolae_shop_behind_doors
Snake:2:  layout_rooms, serial_shops, shop, shop_fountains, shop, shop_fountains
Snake:3:  layout_layer_cave, basic_altar
Snake:4:  snake_pit, layout_onion, basic_altar, uniq_aizul, uniq_bai_suzhen,
          uniq_saint_roka
Orc:1:    layout_diamond_mine, lightli_volcano_entry_magma_tube, uniq_nergalle
Orc:2:    st_orc_town, layout_caves
Elf:1:    layout_geoelf_grid, serial_shops, statue_bzr,
          hangedman_corner_corridor, billiards_dpeg, uniq_donald, uniq_agnes
Elf:2:    layout_gridlike, ebering_ghost_disaster_area,
          statue_in_the_mist_lemuel
Depths:1: layout_cave_pools, hangedman_coc_ice_floe,
          hangedman_abyss_entry_splay, rand_demon_pan_entry_4, minivault_16,
          hangedman_decor_opposing, grunt_ministairs_14, lemuel_freeze_loot_1,
          serial_bayou_shore_b
Depths:2: minmay_the_grid_triangle_9x9_rhombus_full_mashed
          [minmay_the_grid_triangle_9x9_steps,
          minmay_the_grid_triangle_9x9_cache,
          minmay_the_grid_triangle_9x9_tough_junction,
          minmay_the_grid_triangle_9x9_wacky_v,
          minmay_the_grid_triangle_9x9_corruption,
          minmay_the_grid_triangle_9x9_dagger,
          minmay_the_grid_triangle_9x9_empty,
          minmay_the_grid_triangle_9x9_prize_schism], layout_honeycomb,
          lightli_too_deep
Depths:3: pf_snail_temple, layout_cave_pools, enter_ziggurat_f,
          gammafunk_ghost_crypt, rand_demon_pan_entry_7,
          hangedman_abyss_or_decor_passed, hell_entry, minivault_12, uniq_nikola
Depths:4: minmay_fractal_lines_corner, layout_gridlike, ashenzari_altar_1,
          hell_entry, abyss_entry, minmay_shop_grove,
          minmay_staircase_windowed_large, firewood_loft
Depths:5: evilmike_zot_entry_gauntlet, layout_long_grid, serial_shops, shop,
          lightli_enter_wizlab_magi_temple, grunt_hell_entry_dis_old,
          rand_demon_pan_entry_3, nrook_mini_backslash, uniq_enchantress

Notes
Turn   | Place    | Note
-------+----------+-------------------------------------------
     0 | D:1      | sanka the Spriggan Enchanter began the quest for the Orb.
     0 | D:1      | Reached XP level 1. HP: 9/9 MP: 5/5
   395 | D:1      | Reached skill level 5 in Stealth
   440 | D:1      | Reached XP level 2. HP: 13/13 MP: 4/6
   458 | D:1      | Learned a level 2 spell: Ensorcelled Hibernation
   722 | D:1      | Reached skill level 6 in Stealth
   969 | D:1      | Reached XP level 3. HP: 16/16 MP: 5/8
  1365 | D:1      | Learned a level 3 spell: Confusing Touch
  1510 | D:2      | Reached skill level 7 in Stealth
  1645 | D:2      | Reached XP level 4. HP: 21/21 MP: 9/9
  1698 | D:2      | Reached skill level 8 in Stealth
  2156 | D:2      | Reached skill level 2 in Short Blades
  2165 | D:2      | Noticed Terence
  2178 | D:2      | Killed Terence
  2178 | D:2      | Reached XP level 5. HP: 24/24 MP: 4/10
  2361 | D:2      | Reached skill level 3 in Short Blades
  2391 | D:2      | Found a radiant altar of Vehumet.
  2633 | D:2      | Found a basalt altar of Yredelemnul.
  2692 | D:2      | Found a white marble altar of Elyvilon.
  2886 | D:3      | Found an iron altar of Okawaru.
  2913 | D:3      | Learned a level 3 spell: Tukima's Dance
  3596 | D:3      | Reached skill level 4 in Short Blades
  4020 | D:4      | Reached XP level 6. HP: 28/28 MP: 11/11
  4023 | D:4      | Noticed Grinder
  4254 | D:4      | Killed Grinder
  4254 | D:4      | Reached skill level 5 in Short Blades
  4254 | D:4      | Reached skill level 3 in Spellcasting
  4254 | D:4      | Reached skill level 5 in Hexes
  4344 | D:4      | Reached XP level 7. HP: 27/32 MP: 8/12
  4422 | D:4      | Reached skill level 6 in Hexes
  4622 | D:4      | Found Exicistru's Gadget Shop.
  4652 | D:4      | Found a staircase to the Ecumenical Temple.
  4667 | Temple   | Entered the Ecumenical Temple
  4708 | Temple   | Became a worshipper of Lugonu the Unformed
  4708 | Temple   | Reached * piety under Lugonu
  5066 | D:4      | Reached skill level 7 in Hexes
  5593 | D:5      | Entered Level 5 of the Dungeon
  5645 | D:5      | Found a snail-covered altar of Cheibriados.
  6012 | D:5      | Found a shadowy altar of Dithmenos.
  6251 | D:5      | Found a glowing silver altar of Zin.
  6258 | D:5      | Noticed Pikel
  6455 | D:5      | Found a burning altar of Makhleb.
  6461 | D:5      | Reached skill level 8 in Hexes
  6540 | D:5      | Found a stormy altar of Qazlal.
  6557 | D:5      | Got a steaming falchion
  6558 | D:5      | Identified the cursed +3 falchion of Wyquh {drain, Stlth+}
                  | (You found it on level 5 of the Dungeon)
  6616 | D:5      | Found a broken altar of Ashenzari.
  6621 | D:5      | Reached skill level 1 in Fighting
  6621 | D:5      | Reached skill level 4 in Dodging
  6660 | D:5      | Reached XP level 8. HP: 36/37 MP: 9/13
  6769 | D:5      | Reached skill level 2 in Fighting
  6833 | D:5      | Reached skill level 5 in Dodging
  6871 | D:5      | Killed Pikel
  6871 | D:5      | Reached skill level 3 in Fighting
  6871 | D:5      | Reached skill level 8 in Dodging
  6936 | D:5      | Reached ** piety under Lugonu
  7233 | D:6      | Reached skill level 9 in Stealth
  7545 | D:6      | Reached skill level 10 in Stealth
  7607 | D:6      | Found the +3 salamander hide armour {Flames rF++ rC--}
  7650 | D:6      | Reached XP level 9. HP: 22/44 MP: 8/14
  7792 | D:6      | Reached skill level 11 in Stealth
  8296 | D:6      | Reached skill level 12 in Stealth
  8542 | D:6      | Reached skill level 6 in Short Blades
  9115 | D:6      | Found a shimmering altar of Xom.
  9116 | D:6      | Found a hazy altar of Hepliaklqana.
  9117 | D:6      | Noticed a spectral ugly thing
  9117 | D:6      | Noticed an unseen horror
  9267 | D:6      | Reached skill level 7 in Short Blades
  9400 | D:7      | Reached *** piety under Lugonu
  9880 | D:7      | Reached skill level 8 in Short Blades
 10013 | D:7      | Identified +0 steam dragon scales
 10956 | D:7      | Found a glowing golden altar of the Shining One.
 11321 | D:8      | Found a hide-covered altar of Uskayaw.
 11456 | D:8      | Reached XP level 10. HP: 45/49 MP: 7/16
 11527 | D:8      | Reached skill level 4 in Spellcasting
 11558 | D:8      | Reached **** piety under Lugonu
 11976 | D:8      | Found a sparkling altar of Nemelex Xobeh.
 12228 | D:9      | Found a bloodstained altar of Trog.
 12541 | D:9      | Reached skill level 9 in Dodging
 12573 | D:9      | Noticed Prince Ribbit
 12728 | D:9      | Killed Prince Ribbit
 12826 | D:9      | Found a shimmering blue altar of Sif Muna.
 13045 | D:10     | Entered Level 10 of the Dungeon
 13054 | D:10     | Reached skill level 4 in Fighting
 13155 | D:10     | Reached skill level 5 in Spellcasting
 13155 | D:10     | Reached skill level 9 in Hexes
 13416 | D:10     | Found a staircase to the Lair.
 13498 | D:10     | Reached skill level 13 in Stealth
 13665 | D:10     | Found a staircase to the Orcish Mines.
 13676 | D:10     | Noticed Fannar
 13944 | D:10     | Killed Fannar
 13944 | D:10     | Reached skill level 10 in Dodging
 14079 | D:10     | Reached ***** piety under Lugonu
 14104 | D:10     | Found a roughly hewn altar of Beogh.
 14266 | D:10     | Noticed a tengu warrior
 14360 | D:10     | Killed a tengu warrior
 14360 | D:10     | Reached skill level 6 in Spellcasting
 14393 | D:10     | Learned a level 3 spell: Dazzling Flash
 14411 | D:10     | Reached XP level 11. HP: 54/54 MP: 13/21
 14642 | D:10     | Reached skill level 5 in Fighting
 15372 | D:11     | Noticed an unseen horror
 15384 | D:11     | Killed an unseen horror
 15384 | D:11     | Reached skill level 10 in Hexes
 15387 | D:11     | Reached skill level 14 in Stealth
 15391 | D:11     | Reached skill level 11 in Dodging
 15673 | D:11     | Found Jiaqit's Book Shop.
 15814 | D:11     | Noticed a two-headed ogre
 15819 | D:11     | Killed a two-headed ogre
 15847 | D:11     | Noticed a red ugly thing
 15943 | D:11     | Reached skill level 6 in Fighting
 15952 | D:11     | Noticed a purple ugly thing
 16099 | D:11     | Reached skill level 12 in Dodging
 16107 | D:11     | Reached skill level 15 in Stealth
 16321 | D:11     | Killed a cyan ugly thing
 16500 | D:11     | Killed a red ugly thing
 16500 | D:11     | Reached skill level 1 in Shields
 16781 | D:11     | Got a heavily jewelled robe
 16792 | D:11     | Identified the +0 robe "Borhudghu" {MR+} (You found it on
                  | level 11 of the Dungeon)
 16871 | Lair:1   | Entered Level 1 of the Lair of Beasts
 17048 | Lair:1   | Noticed Erica
 17221 | Lair:1   | Killed Erica
 17260 | Lair:1   | Reached skill level 2 in Shields
 17264 | Lair:1   | Reached XP level 12. HP: 62/62 MP: 16/22
 17868 | Lair:1   | Identified +2 acid dragon scales
 17868 | Lair:1   | Noticed Maggie
 17870 | Lair:1   | Reached skill level 9 in Short Blades
 17884 | Lair:1   | Killed Maggie
 18322 | Lair:2   | Reached skill level 13 in Dodging
 18429 | Lair:2   | Reached skill level 7 in Fighting
 18487 | Lair:2   | Found a gate leading to a gauntlet.
 18497 | Gauntlet | Entered a Gauntlet
 18497 | Gauntlet | Found a runed translucent door.
 18497 | Gauntlet | Found a transporter.
 18497 | Gauntlet | Found a runed translucent door.
 18497 | Gauntlet | Found a transporter.
 18497 | Gauntlet | Found a transporter.
 18571 | Gauntlet | Found a transporter.
 18572 | Gauntlet | Found a transporter.
 18575 | Gauntlet | Found a transporter.
 18581 | Gauntlet | Found a transporter.
 18584 | Gauntlet | Found a transporter.
 18586 | Gauntlet | Found a transporter.
 18586 | Gauntlet | Found a transporter.
 18591 | Gauntlet | Identified the ring "Loduluis" {Wiz *Corrode rN+ Str+7
                  | SInv}
 18594 | Gauntlet | Found a transporter.
 18595 | Gauntlet | Found a transporter.
 18763 | Gauntlet | Reached skill level 3 in Shields
 18879 | Gauntlet | Got a vibrating platinum ring
 19088 | Gauntlet | Got an ancient hat
 19094 | Gauntlet | Identified the +2 hat of Agorgh {*Contam rN+ Regen+ Slay+2}
                  | (You found it in a Gauntlet)
 19110 | Gauntlet | Noticed a minotaur
 19121 | Gauntlet | Killed a minotaur
 19186 | Lair:2   | Identified the ring of Satisfaction {Fire +Blink rN+} (You
                  | found it in a Gauntlet)
 19573 | Lair:2   | Reached ****** piety under Lugonu
 19578 | Lair:2   | Got a translucent broad axe
 19584 | Lair:2   | Identified the +5 broad axe "Fousinerch" {venom, Fragile
                  | rElec rF++} (You found it on level 2 of the Lair of Beasts)
 19683 | Lair:2   | Reached skill level 10 in Short Blades
 19683 | Lair:2   | Reached skill level 4 in Shields
 19873 | Lair:2   | Reached skill level 14 in Dodging
 19921 | Lair:3   | Noticed a four-headed hydra
 19924 | Lair:3   | Killed a four-headed hydra
 20047 | Lair:3   | Found a staircase to the Swamp.
 20139 | Lair:3   | Reached skill level 8 in Fighting
 20803 | Lair:3   | Got a brightly glowing robe
 20814 | Lair:3   | Identified the cursed +1 robe of the Ego {rCorr} (You found
                  | it on level 3 of the Lair of Beasts)
 20849 | Lair:3   | Noticed a death yak
 20849 | Lair:3   | Noticed a death yak
 20849 | Lair:3   | Noticed a death yak
 20850 | Lair:3   | Noticed a death yak
 20850 | Lair:3   | Noticed a death yak
 20850 | Lair:3   | Noticed a death yak
 21027 | Lair:3   | Killed a death yak
 21027 | Lair:3   | Reached XP level 13. HP: 52/68 MP: 19/23
 21665 | Lair:3   | Reached skill level 5 in Shields
 22108 | Lair:3   | Found a staircase to the Swamp.
 22478 | Lair:3   | Reached skill level 15 in Dodging
 22781 | Lair:4   | Reached skill level 9 in Fighting
 22825 | Lair:4   | Reached skill level 6 in Shields
 23301 | Lair:4   | Found a staircase to the Snake Pit.
 24149 | Lair:5   | Reached skill level 7 in Shields
 24166 | Lair:5   | Reached skill level 10 in Fighting
 24180 | Lair:5   | Reached skill level 1 in Invocations
 24279 | Lair:5   | Reached skill level 2 in Invocations
 24463 | Lair:5   | Found a runed translucent gate.
 24463 | Lair:5   | Found a runed translucent gate.
 24463 | Lair:5   | Found a runed translucent gate.
 24464 | Lair:5   | Noticed a death ooze
 24469 | Lair:5   | Reached skill level 3 in Invocations
 24530 | Lair:5   | Found the +3 crown of Dyrovepreva {rElec Int+2 SInv}
 24550 | Lair:5   | Noticed a death ooze
 24551 | Lair:5   | Noticed Killmatronix's ghost (journeyman OpHu)
 24590 | Lair:5   | Found a viscous altar of Jiyva.
 24755 | Lair:5   | Reached XP level 14. HP: 75/77 MP: 17/24
 24851 | Lair:5   | Reached skill level 4 in Invocations
 25674 | Lair:6   | Entered Level 6 of the Lair of Beasts
 25935 | Lair:6   | Found a runed translucent gate.
 25935 | Lair:6   | Found a runed translucent gate.
 25935 | Lair:6   | Found a runed translucent gate.
 25937 | Lair:6   | Found a viscous altar of Jiyva.
 25937 | Lair:6   | Noticed loralnil's ghost (journeyman SpEn)
 25961 | Lair:6   | Reached skill level 5 in Invocations
 26179 | Lair:6   | Learned a level 2 spell: Passwall
 26186 | Lair:6   | Learned a level 6 spell: Invisibility
 26258 | Lair:6   | Found a staircase to the Slime Pits.
 26524 | Lair:6   | Reached skill level 11 in Hexes
 26941 | Lair:6   | Reached skill level 12 in Hexes
 27472 | Lair:6   | Reached skill level 13 in Hexes
 28063 | Lair:6   | Reached skill level 14 in Hexes
 28816 | Orc:1    | Entered Level 1 of the Orcish Mines
 28816 | Orc:1    | Noticed Nergalle
 28833 | Orc:1    | Killed Nergalle
 28898 | Orc:2    | Entered Level 2 of the Orcish Mines
 29124 | Orc:1    | Found a dark tunnel.
 29141 | Volcano  | Entered a volcano
 29228 | Volcano  | Corrupted Volcano
 29228 | Volcano  | Noticed a tentacled starspawn
 29228 | Volcano  | Noticed a starcursed mass
 29228 | Volcano  | Noticed a tentacled starspawn
 29230 | Volcano  | Noticed a starcursed mass
 29814 | Orc:2    | Reached skill level 15 in Hexes
 30220 | Orc:2    | Reached XP level 15. HP: 72/80 MP: 7/25
 30528 | Orc:2    | Found Huruw's Antique Weapon Emporium.
 30528 | Orc:2    | Found Qoddipt's Weapon Shop.
 30601 | Orc:2    | Found a roughly hewn altar of Beogh.
 31079 | Orc:2    | Found a staircase to the Elven Halls.
 31104 | Orc:2    | Found Caufupamp's Book Emporium.
 31104 | Orc:2    | Found Ististryi's Book Shop.
 31308 | Orc:2    | Bought a manual of Hexes for 1766 gold pieces
 32512 | D:13     | Reached skill level 16 in Hexes
 32902 | D:13     | Reached skill level 16 in Stealth
 33414 | D:13     | Found a gate to the Vaults.
 33645 | D:14     | Reached skill level 17 in Stealth
 34415 | D:14     | Reached skill level 18 in Stealth
 35326 | D:15     | Entered Level 15 of the Dungeon
 35326 | D:15     | Noticed Nessos
 35332 | D:15     | Killed Nessos
 35467 | D:15     | Reached skill level 19 in Stealth
 35814 | D:15     | Found a sacrificial altar of Ru.
 36273 | D:15     | Reached skill level 20 in Stealth
 36278 | D:15     | Found a staircase to the Depths.
 37323 | Snake:1  | Entered Level 1 of the Snake Pit
 37384 | Snake:1  | Reached XP level 16. HP: 82/85 MP: 13/26
 37738 | Snake:1  | Reached skill level 21 in Stealth
 38185 | Snake:1  | Found Xipo's Magic Scroll Shoppe.
 38318 | Snake:1  | Reached skill level 22 in Stealth
 38546 | Snake:1  | Identified a potion of resistance
 39415 | Snake:2  | Found Umuh's Antique Armour Shoppe.
 39517 | Snake:2  | Found Betayntar's General Store.
 39714 | Snake:2  | Reached skill level 23 in Stealth
 39718 | Snake:2  | Found Jeuvokod's General Store.
 40242 | Snake:2  | Found Uzuwitaz's Assorted Antiques.
 40311 | Snake:1  | Bought a scroll of acquirement for 572 gold pieces
 40595 | Snake:2  | Reached skill level 24 in Stealth
 41679 | Snake:3  | Identified the +6 executioner's axe of the Smoking Pariah
                  | {vorpal, +Fly Int-5 Dex+3}
 41795 | Snake:3  | Found a stormy altar of Qazlal.
 42001 | Snake:3  | Reached skill level 25 in Stealth
 42504 | Snake:3  | Reached XP level 17. HP: 89/89 MP: 27/27
 42969 | Snake:4  | Entered Level 4 of the Snake Pit
 42983 | Snake:4  | Found a white marble altar of Elyvilon.
 42983 | Snake:4  | Noticed Saint Roka
 43003 | Snake:4  | Noticed Bai Suzhen
 43010 | Snake:4  | Killed Saint Roka
 43107 | Snake:4  | Killed Bai Suzhen
 43107 | Snake:4  | Reached skill level 26 in Stealth
 43448 | Snake:4  | Noticed Aizul
 43512 | Snake:4  | Killed Aizul
 44133 | Snake:4  | Reached skill level 27 in Stealth
 44190 | Snake:4  | Reached skill level 6 in Invocations
 44649 | Snake:4  | Reached skill level 7 in Invocations
 44941 | Snake:4  | Reached skill level 8 in Invocations
 45324 | Snake:4  | Reached skill level 9 in Invocations
 46059 | Snake:4  | Reached skill level 10 in Invocations
 46141 | Snake:4  | Got a serpentine rune of Zot
 46236 | Snake:2  | Bought a potion of heal wounds for 55 gold pieces
 46245 | Snake:2  | Bought a potion of heal wounds for 80 gold pieces
 46245 | Snake:2  | Upgraded the game from 0.26-a0-812-g31a745ddcd to
                  | 0.26-a0-1035-g76280ab330
 46336 | Swamp:1  | Entered Level 1 of the Swamp
 47528 | Elf:1    | Entered Level 1 of the Elven Halls
 47528 | Elf:1    | Noticed Donald
 47531 | Elf:1    | Killed Donald
 47532 | Elf:1    | Reached XP level 18. HP: 93/93 MP: 28/28
 47807 | Elf:1    | Reached skill level 11 in Invocations
 47948 | Elf:1    | Found a gateway to a bazaar.
 48207 | Elf:1    | Noticed Agnes
 48238 | Elf:1    | Killed Agnes
 48533 | Elf:1    | Reached skill level 12 in Invocations
 49818 | Bazaar   | Entered a bazaar
 49818 | Bazaar   | Found Past's Antique Armour Shop.
 49823 | Bazaar   | Found Ilut's Magic Scroll Shoppe.
 49826 | Bazaar   | Found Wuirurif's Armour Emporium.
 49829 | Bazaar   | Found Ocsoarghof's Gadget Shop.
 49859 | Bazaar   | Bought a scroll of enchant weapon for 52 gold pieces
 49859 | Bazaar   | Bought a scroll of magic mapping for 24 gold pieces
 49865 | Bazaar   | Bought a scroll of blinking for 52 gold pieces
 49912 | Elf:2    | Reached skill level 13 in Invocations
 50411 | Elf:2    | Found a large runed translucent door.
 50411 | Elf:2    | Found a large runed translucent door.
 50454 | Elf:2    | Noticed Ivyux's ghost (journeyman DrEE)
 50463 | Elf:2    | Killed Ivyux's ghost
 50466 | Elf:2    | Got a pitted zirconium amulet
 50477 | Elf:2    | Identified the amulet of Ukhaeschoed {Acrobat Int+2} (You
                  | found it on level 2 of the Elven Halls)
 50544 | Elf:2    | Found a runed translucent gate.
 50544 | Elf:2    | Found a runed translucent gate.
 50544 | Elf:2    | Found a runed translucent gate.
 50798 | Elf:2    | Reached skill level 17 in Hexes
 51043 | Elf:2    | Reached skill level 16 in Dodging
 51761 | Depths:1 | Entered Level 1 of the Depths
 51774 | D:15     | Identified +0 ice dragon scales
 52025 | Depths:1 | Reached skill level 18 in Hexes
 52322 | Depths:1 | Found a gateway to Hell.
 52397 | Depths:1 | Reached skill level 17 in Dodging
 52413 | Depths:1 | Reached XP level 19. HP: 98/98 MP: 27/29
 52439 | Depths:1 | Upgraded the game from 0.26-a0-1035-g76280ab330 to
                  | 0.26-a0-1040-gbe3abf3417
 52551 | Depths:1 | Gained mutation: You tend to lose your temper in combat.
                  | [mutagenic glow]
 52555 | Depths:1 | Lost mutation: You tend to lose your temper in combat.
                  | [potion of mutation]
 52555 | Depths:1 | Gained mutation: You are frail. (-10% HP) [potion of
                  | mutation]
 52555 | Depths:1 | Gained mutation: You evolve. [potion of mutation]
 52555 | Depths:1 | Gained mutation: You are partially covered in molten
                  | scales. (AC +2) [potion of mutation]
 52555 | Depths:1 | Gained mutation: Your mind is acute. (Int +2) [potion of
                  | mutation]
 52556 | Depths:1 | Lost mutation: You are partially covered in molten scales.
                  | (AC +2) [potion of mutation]
 52556 | Depths:1 | Lost mutation: You are frail. (-10% HP) [potion of
                  | mutation]
 52556 | Depths:1 | Lost mutation: Your mind is acute. (Int +2) [potion of
                  | mutation]
 52556 | Depths:1 | Gained mutation: You expend magic power (3 MP) to
                  | strengthen your wands. [potion of mutation]
 52556 | Depths:1 | Gained mutation: You are resistant to electric shocks.
                  | (rElec) [potion of mutation]
 52556 | Depths:1 | Gained mutation: You have sharp toenails. [potion of
                  | mutation]
 52970 | Depths:1 | Found a one-way gate to the infinite horrors of the Abyss.
 53065 | Depths:1 | Found a one-way gate leading to the halls of Pandemonium.
 53186 | Depths:1 | Reached skill level 19 in Hexes
 53958 | Depths:2 | Identified the +12 short sword of Jutar {protect, Int+4
                  | SInv}
 54014 | Depths:2 | Reached skill level 18 in Dodging
 54042 | Depths:2 | Identified the +8 battleaxe "Terpheore" {vamp, rC- Dex+8}
 54046 | Depths:2 | Reached skill level 20 in Hexes
 54102 | Depths:2 | Found the +4 dagger "Morg" {pain, Will+ Int+5}
 54161 | Depths:1 | Identified +0 shadow dragon scales
 54678 | Depths:2 | Reached skill level 19 in Dodging
 54707 | Depths:2 | Gained mutation: Your muscles are strong. (Str +2)
                  | [evolution]
 55445 | Depths:2 | Noticed a lich
 55501 | Depths:2 | Found a runed translucent door.
 55503 | Depths:2 | Found a runed translucent door.
 55586 | Depths:2 | Got an ancient robe
 55597 | Depths:2 | Identified the +2 robe "Leinoshe" {rN+ Int+3} (You found it
                  | on level 2 of the Depths)
 56124 | Depths:2 | Identified the Tome of Flight and Cold
 56266 | Depths:2 | Reached skill level 20 in Dodging
 56776 | Depths:3 | Found a gateway to a ziggurat.
 57457 | Swamp:1  | Reached skill level 21 in Dodging
 57748 | Swamp:1  | Identified Egorav's Tome of the Gliding Glacier
 57929 | Swamp:1  | Learned a level 5 spell: Silence
 57929 | Swamp:1  | Upgraded the game from 0.26-a0-1040-gbe3abf3417 to
                  | 0.26-a0-1053-gaff5f71418
 58343 | Swamp:1  | HP: 4/98 [spriggan druid/angry trees (16)]
 58344 | Swamp:1  | HP: 1/98 [will-o-the-wisp/foxfire (4)]
 58774 | Swamp:2  | Reached XP level 20. HP: 102/102 MP: 30/30
 59326 | Swamp:2  | Reached skill level 11 in Short Blades
 59521 | Swamp:2  | Identified +0 swamp dragon scales
 59887 | Swamp:3  | Identified +0 swamp dragon scales
 59975 | Swamp:3  | Identified +0 swamp dragon scales
 60810 | Swamp:4  | Entered Level 4 of the Swamp
 60857 | Swamp:3  | Reached skill level 22 in Dodging
 61039 | Swamp:3  | Identified +0 swamp dragon scales
 61095 | Swamp:3  | Reached skill level 12 in Short Blades
 61254 | Swamp:4  | Identified the Almanac of the Miller
 62245 | Swamp:4  | Identified +0 swamp dragon scales
 62562 | Swamp:4  | Reached skill level 11 in Fighting
 62918 | Swamp:4  | Identified +0 swamp dragon scales
 63077 | Swamp:4  | Identified +0 swamp dragon scales
 63136 | Swamp:4  | Got a vibrating graven amulet
 63138 | Swamp:4  | Identified the amulet of Exokkezi {Inacc rC- rN+ Int+4
                  | SInv} (You found it on level 4 of the Swamp)
 63440 | Swamp:4  | Got a decaying rune of Zot
 64058 | Depths:3 | Gained mutation: You are frail. (-10% HP) [a cacodemon]
 64091 | Depths:3 | Lost mutation: You have sharp toenails. [potion of
                  | mutation]
 64091 | Depths:3 | Lost mutation: You expend magic power (3 MP) to strengthen
                  | your wands. [potion of mutation]
 64091 | Depths:3 | Lost mutation: You are frail. (-10% HP) [potion of
                  | mutation]
 64091 | Depths:3 | Gained mutation: Your muscles are very strong. (Str +4)
                  | [potion of mutation]
 64091 | Depths:3 | Gained mutation: Armour fits poorly on your strangely
                  | shaped body. [potion of mutation]
 64091 | Depths:3 | Gained mutation: You rapidly evolve. [potion of mutation]
 64114 | Depths:3 | Identified +0 ice dragon scales
 64167 | Depths:3 | Reached skill level 12 in Fighting
 64502 | Depths:3 | Noticed a juggernaut
 64524 | Depths:3 | Found a runed translucent gate.
 64524 | Depths:3 | Found a runed translucent gate.
 64524 | Depths:3 | Found an ancient bone altar of Kikubaaqudgha.
 64542 | Depths:3 | Found a runed translucent gate.
 64542 | Depths:3 | Noticed bmj180's ghost (veteran DrCj)
 64543 | Depths:3 | Noticed an ancient lich
 64543 | Depths:3 | Noticed an ancient lich
 64545 | Depths:3 | Noticed an ancient lich
 64545 | Depths:3 | Noticed an ancient lich
 64567 | Depths:3 | Noticed Nikola
 64596 | Depths:3 | Identified +0 ice dragon scales
 64653 | Depths:3 | Killed Nikola
 65296 | Depths:3 | Reached skill level 13 in Fighting
 65320 | Depths:3 | Reached XP level 21. HP: 113/113 MP: 31/31
 65931 | Depths:3 | Noticed a golden dragon
 65990 | Depths:3 | Killed a golden dragon
 65990 | Depths:3 | Identified +0 gold dragon scales
 66014 | Depths:3 | Identified +0 fire dragon scales
 66138 | Depths:3 | Found a snail-covered altar of Cheibriados.
 66663 | Depths:4 | Found Fouciani's Jewellery Shop.
 66664 | Depths:4 | Found Wasunebro's Gadget Emporium.
 66665 | Depths:4 | Found Pathin's Jewellery Shop.
 66785 | Depths:4 | Paralysed by a floating eye for 4 turns
 66904 | Depths:4 | Identified +0 shadow dragon scales
 66905 | Depths:4 | Reached skill level 23 in Dodging
 66983 | Depths:4 | Identified +0 shadow dragon scales
 67049 | Depths:4 | Identified quicksilver dragon scales
 67311 | Depths:4 | Found a broken altar of Ashenzari.
 67461 | Depths:4 | Reached skill level 14 in Fighting
 67961 | Depths:4 | Found a broken altar of Ashenzari.
 67986 | Depths:4 | Found Fouciani's Jewellery Shop.
 68054 | Depths:4 | Gained mutation: You expend magic power (3 MP) to
                  | strengthen your wands. [evolution]
 68586 | Depths:4 | Found Wasunebro's Gadget Emporium.
 68587 | Depths:4 | Found Pathin's Jewellery Shop.
 68854 | Depths:5 | Entered Level 5 of the Depths
 68859 | Depths:5 | Found Vebusm's Book Emporium.
 69019 | Depths:5 | Reached skill level 24 in Dodging
 69125 | Depths:5 | Found a magical portal.
 69149 | Depths:5 | Noticed the Enchantress
 69173 | WizLab   | Entered Doroklohe's Tomb
 69412 | WizLab   | Got an ominously black robe
 69423 | WizLab   | Identified the +2 robe of Yzxit {Harm rElec Str+4 Int-5}
                  | (You found it in a wizard's laboratory)
 69522 | WizLab   | Noticed a royal mummy
 69525 | WizLab   | Killed a royal mummy
 69545 | WizLab   | Corrupted WizLab
 70175 | Depths:5 | Reached skill level 25 in Dodging
 70320 | Depths:5 | Reached XP level 22. HP: 120/120 MP: 26/32
 70649 | Depths:5 | Identified +0 swamp dragon scales
 70682 | Depths:5 | Gained mutation: Your spells are a little easier to cast,
                  | but a little less powerful. [a neqoxec]
 70873 | Depths:5 | Identified +0 swamp dragon scales
 70961 | Depths:5 | Identified +0 fire dragon scales
 71127 | Depths:5 | Reached skill level 26 in Dodging
 71141 | Depths:5 | Noticed a golden dragon
 71184 | Depths:5 | Killed a golden dragon
 71213 | Depths:5 | Found a gate to the Realm of Zot.
 71840 | Depths:4 | Killed the Enchantress
 71846 | Depths:4 | Lost mutation: You expend magic power (3 MP) to strengthen
                  | your wands. [potion of mutation]
 71846 | Depths:4 | Lost mutation: Your spells are a little easier to cast, but
                  | a little less powerful. [potion of mutation]
 71846 | Depths:4 | Lost mutation: You rapidly evolve. [potion of mutation]
 71846 | Depths:4 | Gained mutation: You have very sharp teeth. [potion of
                  | mutation]
 71846 | Depths:4 | Gained mutation: You have an increased reservoir of magic.
                  | (+10% MP) [potion of mutation]
 71959 | Depths:5 | Identified a +8 quick blade of distortion (a +6 quick blade
                  | corrupted by Lugonu)
 71959 | Depths:5 | Received a gift from Lugonu
 72731 | Lair:5   | Killed Killmatronix's ghost
 72762 | Lair:5   | Got a coiled wooden ring
 72764 | Lair:5   | Identified the ring "Haena" {rPois rF++ rC+ Str+6 Dex-5}
                  | (You found it on level 5 of the Lair of Beasts)
 72831 | Lair:6   | Killed loralnil's ghost
 73616 | Depths:3 | HP: 8/120 [titan (48)]
 73618 | Depths:3 | Killed from afar by a spriggan air mage

Vanquished Creatures
  A royal mummy (WizLab)
  Saint Roka (Snake:4)
  Bai Suzhen (Snake:4)
  2 golden dragons
  the Enchantress (Depths:4)
  3 tentacled monstrosities
  A lich (Depths:5)
  A deep elf blademaster (Elf:2)
  3 sphinxes (Depths:3)
  A quicksilver dragon (Depths:4)
  Donald (Elf:1)
  3 storm dragons
  3 tengu reavers
  Agnes (Elf:1)
  4 shadow dragons
  6 fire giants
  2 fenstrider witches
  A draconian monk (Depths:5)
  The ghost of Ivyux the Geomancer, a journeyman DrEE of Cheibriados (Elf:2)
  9 frost giants
  8 nagarajas
  An iron dragon (Depths:4)
  Aizul (Snake:4)
  A draconian scorcher (Depths:5)
  A cacodemon (Depths:3)
  5 spriggan defenders
  3 deep elf elementalists (Elf:1)
  14 very ugly things
  2 vampire knights (Depths:3)
  11 stone giants
  2 green draconians (Depths:5)
  2 black draconians (Depths:5)
  Nessos (D:15)
  4 bunyips
  2 pale draconians (Depths:5)
  A minotaur (Gauntlet)
  2 red draconians (Depths:5)
  The ghost of Killmatronix the Slinger, a journeyman OpHu of Okawaru (Lair:5)
  3 green deaths
  6 ettins
  3 death oozes
  2 deep elf death magi
  4 eleionomae
  11 fire dragons
  3 large abominations
  The ghost of loralnil the Unseen, a journeyman SpEn of Dithmenos (Lair:6)
  A deep elf high priest (Depths:4)
  11 great orbs of eyes
  A shambling mangrove (Swamp:3)
  Fannar (D:10)
  6 yaktaur captains
  17 naga warriors
  5 spriggan air magi
  7 ice dragons
  A monstrous demonspawn (Depths:1)
  3 ghost crabs
  A juggernaut simulacrum (Depths:1)
  A rakshasa (D:14)
  8 centaur warriors
  A boulder beetle (D:15)
  19 hydras
  7 anacondas
  13 two-headed ogres
  15 death yaks
  8 alligators
  Erica (Lair:1)
  5 ogre magi
  10 deep troll earth magi
  23 dancing weapons
  4 spriggan berserkers
  5 deep troll shamans
  5 orc high priests (Orc:2)
  A thrashing horror (Swamp:3)
  A vampire mage (Depths:5)
  9 tengu warriors
  A soul eater (Depths:3)
  7 shock serpents
  23 naga sharpshooters
  14 deep elf knights
  A fire crab (Gauntlet)
  Nergalle (Orc:1)
  2 sun demons (Depths:2)
  7 hell knights
  5 salamander mystics
  3 iron trolls
  A sixfirhy (Depths:5)
  A shadow wraith (D:13)
  3 unseen horrors
  4 goliath frogs
  A death drake (shapeshifter) (D:13)
  34 deep trolls
  8 spriggan druids
  9 naga ritualists
  3 glowing orange brains
  A shadow demon (Depths:1)
  7 deep elf archers
  18 swamp dragons
  5 wizards
  An orc knight (Orc:1)
  2 harpies (shapeshifter)
  A sphinx zombie (WizLab)
  9 bog bodies
  4 phantasmal warriors
  A fire giant zombie (WizLab)
  3 necromancers
  Pikel (D:5)
  9 mana vipers
  An orc sorcerer (Orc:1)
  4 oklob plants
  30 deep elf magi
  10 will-o-the-wisps
  27 ugly things
  A wolf spider (Lair:6)
  21 salamanders
  4 cyclopes
  12 elephants
  4 guardian serpents
  2 centaur zombies
  An ice statue (Elf:1)
  32 naga magi
  24 cane toads
  A gargoyle (Volcano)
  23 black mambas
  A smoke demon (Depths:3)
  2 rust devils
  A cane toad (shapeshifter) (Elf:2)
  Maggie (Lair:1)
  2 orange demons
  4 torpor snails (Depths:3)
  An ice devil (Depths:1)
  12 komodo dragons
  5 kobold demonologists (D:15)
  A spark wasp simulacrum (Depths:1)
  4 rime drakes
  2 hellwings
  A yaktaur (shapeshifter) (D:13)
  28 yaktaurs
  An efreet (D:14)
  3 trolls
  2 guardian mummies (WizLab)
  4 tengu conjurers
  6 meliai
  A red devil (Depths:3)
  A queen bee (Lair:5)
  A polar bear (shapeshifter) (Depths:5)
  8 tyrant leeches
  3 polar bears (Lair:2)
  A raiju (Gauntlet)
  Grinder (D:4)
  24 slime creatures
  17 blink frogs
  Prince Ribbit (D:9)
  An iron dragon simulacrum (Depths:1)
  14 hornets
  A blink frog (shapeshifter) (Depths:1)
  12 dream sheep
  3 redbacks (Lair:6)
  A snapping turtle (shapeshifter) (Depths:3)
  7 shadows
  11 water elementals
  12 spriggans
  2 air elementals
  4 fire elementals
  13 wyverns
  2 yaks (shapeshifter)
  22 yaks
  2 wraiths (D:14)
  A human (shapeshifter) (Depths:5)
  4 fire bats (Gauntlet)
  7 steam dragons
  3 neqoxecs
  3 basilisks
  5 vampire mosquitoes
  8 wargs
  51 nagas
  11 swamp worms
  A floating eye (Depths:4)
  26 water moccasins
  2 hell hounds (Gauntlet)
  A swamp drake (Swamp:2)
  14 orc warriors
  11 black bears
  2 ice beasts
  10 sky beasts
  A phantom (D:8)
  An eye of draining (shapeshifter) (Depths:3)
  An eye of draining (D:15)
  33 centaurs
  17 ogres
  2 boggarts (Depths:2)
  15 wolves
  2 earth elementals
  2 wyvern zombies
  21 bullfrogs
  A scorpion (D:11)
  32 killer bees
  2 electric eels
  A howler monkey (D:6)
  14 wights
  2 bullfrog zombies
  A quasit (D:7)
  43 orc priests
  2 gnoll shamans
  6 centaur skeletons
  12 hounds
  11 jellies
  20 orc wizards
  2 bullfrog skeletons
  7 iguanas
  Terence (D:2)
  13 worker ants
  A hound zombie (D:5)
  A hound skeleton (D:6)
  A mummy (D:5)
  19 gnolls
  A howler monkey zombie (D:7)
  17 adders
  4 shadow imps
  5 white imps
  2 ufetubi
  2 adder skeletons
  3 worms
  2 dart slugs
  4 leopard geckos
  98 orcs
  4 ball pythons (D:2)
  10 bats
  7 giant cockroaches
  11 hobgoblins
  12 jackals
  A quokka (D:4)
  3 frilled lizards
  9 goblins
  A jackal zombie (D:7)
  12 kobolds
  7 rats
1626 creatures vanquished.

Vanquished Creatures (collateral kills)
  Nikola (Depths:3)
  An ettin (Depths:3)
  A goblin (D:3)
3 creatures vanquished.

Vanquished Creatures (others)
  A caustic shrike zombie (WizLab)
  A stone giant (Depths:5)
  4 mummy priests (WizLab)
  A deep elf archer (Elf:1)
  2 human zombies (WizLab)
  A fire giant zombie (WizLab)
  A frost giant zombie (WizLab)
  A demonspawn zombie (WizLab)
  A spriggan zombie (WizLab)
  A gargoyle (Volcano)
  An efreet (Volcano)
  A guardian mummy (WizLab)
  3 bloated husks
  3 water elementals (Depths:1)
  3 fire elementals (Volcano)
  3 dancing weapons
  An infernal demonspawn zombie (WizLab)
  A boggart (Depths:2)
  2 earth elementals (Volcano)
  2 orc wizards
  4 demonic plants (Gauntlet)
  93 foxfires
  47 fungi
  120 plants
  12 starspawn tentacles
310 creatures vanquished.

Grand Total: 1939 creatures vanquished
